 Dungeon Crawl Stone Soup version 0.29.1-1-gd02db6906a (webtiles) character file.

Game seed: 1981349485503046426

132 Hadkhar the Ducker (level 4, -1/23 HPs)
             Began as a Spriggan Arcane Marksman on Oct 8, 2022.
             Killed from afar by Natasha (8 damage)
             ... with a magic dart
             ... on level 3 of the Dungeon.
             The game lasted 00:17:21 (3829 turns).

Hadkhar the Ducker (Spriggan Arcane Marksman)       Turns: 3829, Time: 00:17:21

Health: -1/23      AC:  2    Str: 10    XL:     4   Next: 92%
Magic:  7/7        EV: 18    Int: 16    God:
Gold:   164        SH:  0    Dex: 17    Spells: 4/5 levels left

rFire   x . .      SeeInvis +   a - +1 sling
rCold   + . .      Faith    .   (no shield)
rNeg    . . .      Spirit   .   e - +0 robe
rPois   .          Reflect  .   (helmet restricted)
rElec   .          Harm     .   (no cloak)
rCorr   .          Rampage  .   (gloves unavailable)
Will    .....                   (boots unavailable)
Stlth   ++........              (no amulet)
HPRegen 0.07/turn               s - ring "Suipnep" {Ice Str+4 Int+2}
MPRegen 0.10/turn               i - ring of wizardry

@: slowed, quick
A: very small, no large weapons, unfitting armour, see invisible, speed 3
a: no special abilities


You were on level 3 of the Dungeon.
You visited 1 branch of the dungeon, and saw 3 of its levels.

You collected 164 gold pieces.

Inventory:

Hand Weapons
 a - a +1 sling (weapon)
 y - a +1 short sword of freezing
Missiles
 l - 15 poisoned darts (quivered)
 p - 3 atropa-tipped darts
Armour
 e - a +0 robe (worn)
Jewellery
 g - a ring of positive energy
 i - a ring of wizardry (right hand)
 s - the ring "Suipnep" (left hand) {Ice Str+4 Int+2}
   (You found it on level 2 of the Dungeon)

   [ring of ice]

   It enhances your ice magic.
   Str:       It affects your strength (+4).
   Int:       It affects your intelligence (+2).
   rF:        It makes you vulnerable to fire.
   rC:        It protects you from cold.
Scrolls
 b - 2 scrolls of poison
 c - 2 scrolls of noise {unknown}
 h - a scroll of fear {unknown}
 k - a scroll of butterflies {unknown}
 n - 2 scrolls of identify {unknown}
 r - a scroll of blinking {unknown}
 u - 2 scrolls of teleportation {unknown}
 v - a scroll of enchant weapon {unknown}
 x - a scroll of enchant armour {unknown}
 z - a scroll of immolation {unknown}
Potions
 d - a potion of curing {unknown}
 f - 2 potions of heal wounds {unknown}
 j - a potion of cancellation {unknown}
 m - 2 potions of flight {unknown}
 o - 3 potions of berserk rage {unknown}
 q - a potion of might {unknown}
 t - a potion of lignification {unknown}
 w - a potion of haste {unknown}


   Skills:
 + Level 2.0 Fighting
 + Level 3.0 Ranged Weapons
 + Level 4.1 Dodging
 + Level 3.3 Stealth
 - Level 1.4 Spellcasting
 - Level 3.7 Hexes


You had 4 spell levels left.
You knew the following spells:

 Your Spells              Type           Power      Damage    Failure   Level
a - Slow                  Hex            52%        N/A       1%          1

Your spell library contained the following spells:

 Spells                   Type           Power      Damage    Failure   Level
 Inner Flame              Hex/Fire       7%         N/A       12%         3
 Portal Projectile        Hex/Tloc       14%        N/A       12%         3
 Cause Fear               Hex            6%         N/A       19%         4


Dungeon Overview and Level Annotations

Branches:
Dungeon (3/15)

Altars:
Qazlal

Shops:
D:2 [

Annotations:
D:3 Natasha


Innate Abilities, Weirdness & Mutations

You are very small and have problems with some larger weapons.
You are too small for most types of armour.
You have supernaturally acute eyesight. (SInv)
You cover ground extremely quickly. (Speed+++)


Message History

Aim: Natasha (wandering, hasn't noticed you, 53% to hit)
You throw a poisoned dart.
The poisoned dart barely misses Natasha.
Natasha hisses angrily.
Natasha stares at you and mumbles some strange words.
You feel yourself slow down.
Throw: 18 darts (poison)
Press: ? - help, Q - select action, (/) - cycle Shift-Dir - straight line, f/p - Natasha
Aim: Natasha (53% to hit)
You throw a poisoned dart.
The poisoned dart barely misses Natasha.
Natasha stares at you and mumbles some strange words.
The magic dart hits you.
Throw: 17 darts (poison)
Press: ? - help, Q - select action, (/) - cycle Shift-Dir - straight line, f/p - Natasha
Aim: Natasha (53% to hit)
You throw a poisoned dart.
The poisoned dart closely misses Natasha.
Natasha wildly gestures.
Natasha shimmers violently.
Throw: 16 darts (poison)
Press: ? - help, Q - select action, (/) - cycle Shift-Dir - straight line, f/p - Natasha
Aim: Natasha (53% to hit)
You throw a poisoned dart. The poisoned dart hits Natasha.
Unknown command.
Press: ? - help, v - describe, . - travel
Here: Natasha The floor, spattered with blood.
Natasha attacks as you move away! Natasha claws you.
Natasha hisses.
Natasha barely misses you.
There is a large open door here.
Things that are here:
a +0 mace; an orc skeleton Natasha attacks as you move away!
Natasha claws you!
Natasha howls an incantation.
Natasha glows brightly for a moment.
Natasha casts a spell at you. The magic dart hits you!
You die...

##....##.#####.#
##''##........#
#..#.#...###.#
#............###
#.##.###.###...#
###)##.# #.##.####
#.h.##.# #.##.#
#..#.#.###.##.####
#@#..#..........>#
#.##.###...####..#
#.##.# #...# #..#
#.##.# #...# #..#
#.##.# #...# #...
#.##.###.[.####..#
#.##.............#
#.######.........#
#.........#####.##


You could see Natasha.

Vanquished Creatures
  3 gnolls (D:3)
  4 adders
  A worm (D:3)
  A dart slug (D:3)
  3 orcs (D:3)
  5 endoplasms
  2 giant cockroaches
  4 goblins
  7 hobgoblins
  5 kobolds
  4 quokkas
  8 ball pythons
  6 bats
  4 rats
57 creatures vanquished.

Notes
Turn   | Place    | Note
-------+----------+-------------------------------------------
     0 | D:1      | Hadkhar the Spriggan Arcane Marksman began the quest for
                  | the Orb.
     0 | D:1      | Reached XP level 1. HP: 9/9 MP: 3/3
    83 | D:1      | You fall into a shaft and drop 1 floor!
   105 | D:2      | Reached skill level 1 in Fighting
   105 | D:2      | Reached skill level 3 in Dodging
   105 | D:2      | Reached skill level 1 in Stealth
   105 | D:2      | Reached XP level 2. HP: 14/14 MP: 5/5
   124 | D:2      | Found a faded altar of an unknown god.
   125 | D:2      | Noticed a golden eye
   127 | D:2      | Noticed an eye of devastation
   127 | D:2      | Noticed an eye of devastation
   127 | D:2      | Noticed a great orb of eyes
   810 | D:1      | Reached XP level 3. HP: 15/18 MP: 6/6
  1492 | D:2      | Found Harivuz's Antique Armour Shoppe.
  1570 | D:2      | Reached XP level 4. HP: 11/22 MP: 7/7
  1874 | D:2      | Found a stormy altar of Qazlal.
  1889 | D:2      | Identified the ring "Suipnep" {Ice Str+4 Int+2}
  2902 | D:3      | Reached skill level 4 in Dodging
  3192 | D:3      | Noticed Natasha
  3829 | D:3      | Killed from afar by Natasha

Illustrated notes

Levels and vault maps discovered:
D:1:      saegor_arrival_miasma, layout_rooms, minmay_misc_feat_tiny
D:2:      layout_basic, basic_altar, serial_shops, nicolae_shop_stone,
          serial_corexii_hall, corexii_hall_statues_l, corexii_hall_statues_l,
          corexii_hall_statues_l, hellmonk_ecumenical_altar_watching_god,
          st_stairs_14
D:3:      layout_loops_ring, kennysheep_generic_room_3, uniq_natasha,
          uniq_crazy_yiuf_cottage

Skill      XL: |  1  2  3  4 |
---------------+-------------+-----
Fighting       | 1 2 |  2.0
Dodging        | 3 4 |  4.1
Stealth        | 1 2 3 |  3.3
Ranged Weapons | 3 |  3.0
Spellcasting   | |  1.4
Hexes          | |  3.7

Action                   |  1- 3 |  4- 6 || total
-------------------------+-------+-------++-------
 Fire: Sling             |   114 |    88 ||   202
Throw: Dart              |     4 |     4 ||     8
Armor: Robe              |     8 |     3 ||    11
Dodge: Dodged            |    53 |    11 ||    64
